 Dungeon Crawl Stone Soup version 0.21.1-1-g345015fe64 (webtiles) character file.

2594 Gitz the Thaumaturge (level 9, -4/62 HPs)
             Began as a Demonspawn Wizard on May 19, 2018.
             Was a Follower of Sif Muna.
             Killed from afar by a hell hound (14 damage)
             ... with a blast of flame
             ... on level 9 of the Dungeon on May 20, 2018.
             The game lasted 00:37:46 (9092 turns).

Gitz the Thaumaturge (Demonspawn Wizard)            Turns: 9092, Time: 00:37:46

Health: -4/62      AC:  4    Str:  7    XL:     9   Next: 33%
Magic:  0/21       EV: 15    Int: 24    God:    Sif Muna [*.....]
Gold:   475        SH:  0    Dex: 10    Spells: 16/24 levels left

rFire    . . .     SeeInvis +   o - staff of death
rCold    . . .     Gourm    .   (no shield)
rNeg     + . .     Faith    .   x - +1 robe of Undesirable Species {MR++ Regen+ rCorr Dex-3}
rPois    +         Spirit   +   p - +0 helmet {SInv}
rElec    .         Reflect  .   n - scarf {Spirit}
rCorr    +         Harm     .   (no gloves)
MR       ++...                  (no boots)
Stlth    ++........             (no amulet)
HPRegen  0.60/turn              k - ring of poison resistance
MPRegen  0.17/turn              A - ring of see invisible

@: no status effects
A: talons 1, repulsion field 1, agile 1, demonic guardian 1, powered by pain 2
a: Divine Energy, Renounce Religion


You were on level 9 of the Dungeon.
You worshipped Sif Muna.
Sif Muna was aware of your devotion.
You were not hungry.

You visited 2 branches of the dungeon, and saw 10 of its levels.

You collected 660 gold pieces.
You spent 185 gold pieces at shops.

Inventory:

Hand Weapons
 e - a +1 dagger of venom
Armour
 i - a +0 cloak
 n - a scarf of spirit shield (worn)
 p - a +0 helmet of see invisible (worn)
 t - a +2 robe of magic resistance
 x - the +1 robe of Undesirable Species (worn) {MR++ Regen+ rCorr Dex-3}
   (You bought it in a shop on level 4 of the Dungeon)

   It affects your dexterity (-3).
   It affects your resistance to hostile enchantments.
   It increases your rate of regeneration.
   It protects you from acid and corrosion.
Magical Staves
 o - an uncursed staff of death (weapon)
Jewellery
 k - a ring of poison resistance (left hand)
 A - a ring of see invisible (right hand)
Wands
 D - a wand of paralysis (15)
Scrolls
 b - a scroll of fear {unknown}
 h - 8 scrolls of remove curse {unknown}
 l - a scroll of fog {unknown}
 m - 5 scrolls of immolation {unknown}
 q - 3 scrolls of enchant armour {unknown}
 s - a scroll of blinking {unknown}
 y - a scroll of magic mapping {unknown}
 B - a scroll of random uselessness {unknown}
 C - a scroll of enchant weapon {unknown}
 F - a scroll of identify
 I - a scroll of holy word {unknown}
Potions
 a - a potion of flight
 f - 3 potions of ambrosia
 g - 2 potions of agility
 j - 3 potions of curing
 r - 2 potions of heal wounds {unknown}
 u - a potion of brilliance {unknown}
 v - 2 potions of lignification
 w - 3 potions of degeneration {unknown}
 z - 2 potions of haste {unknown}
 E - a potion of resistance {unknown}
 G - a potion of might {unknown}
 H - a potion of magic {unknown}
Books
 c - a book of Minor Magic

   Spells                             Type                      Level
   a - Magic Dart                     Conjuration                  1
   b - Blink                          Translocation                2
   c - Call Imp                       Summoning                    2
   d - Slow                           Hexes                        2
   e - Conjure Flame                  Conjuration/Fire             3
   f - Mephitic Cloud                 Conjuration/Poison/Air       3
Comestibles
 d - 11 rations


   Skills:
 + Level 2.3 Fighting
 + Level 0.6 Short Blades
 + Level 2.9 Staves
 + Level 3.3 Dodging
 - Level 1.7 Stealth
 + Level 8.2 Spellcasting
 + Level 2.5 Conjurations
 + Level 7.4 Summonings
 + Level 1.0 Translocations


You had 16 spell levels left.
You knew the following spells:

 Your Spells              Type           Power        Failure   Level  Hunger
a - Magic Dart            Conj           ###.         2%          1    None
b - Call Imp              Summ           #####...     1%          2    None
c - Blink                 Tloc           N/A          6%          2    None
d - Conjure Flame         Conj/Fire      ###.....     11%         3    None


Dungeon Overview and Level Annotations

Branches:
Dungeon (9/15)             Temple (1/1) D:7            Lair (0/6) D:9
    Orc: D:9-12

Altars:
Dithmenos
Elyvilon
Gozag
Hepliaklqana
Makhleb
Okawaru
Ru
Sif Muna
Trog
Uskayaw
Vehumet
Wu Jian
Zin
The Shining One

Shops:
D:2 *   D:4 =[*   D:5 *   D:6 *


Innate Abilities, Weirdness & Mutations

You are surrounded by a mild repulsion field. (EV +2)
A weak demonic guardian rushes to your aid.
You sometimes gain power by taking damage.
You have sharp toenails.
You are agile. (Dex +2)


Message History

You hit the hell hound but do no damage.
You claw the hell hound, but do no damage.
The hell hound is severely wounded.
The hell hound bites you!
* * * LOW HITPOINT WARNING * * *
Your crimson imp closely misses the hell hound.
Your shadow imp hits the hell hound but does no damage.
You hit the hell hound but do no damage.
Your kick misses the hell hound.
The hell hound is severely wounded.
The hell hound bites you!
* * * LOW HITPOINT WARNING * * *
Your crimson imp blinks!
Your crimson imp barely misses the hell hound.
The hell hound barely misses you.
Your shadow imp hits the hell hound.
You hit the hell hound but do no damage.
The hell hound is almost dead.
The hell hound breathes flames at you. The blast of flame hits you!
You die...

### #.. . ##### ###.. ..
#...# #....
##/##...####### #.###
.$....5...5...######.#
##.##.5h#####........###
#..@####............
#................###
(....###'###......[...
.§≈≈..≈≈..##§# #.#
#.......### .≈§§§.≈≈..
#.###.###..........
.§≈§h≈≈...
#.'.._###.......##.
.≈§§§≈≈..#
#.###.###.......<..
.≈≈§§...###.# #.#
#......#.#. §§....
#..###'###).........


You could see a hell hound, a friendly crimson imp and a friendly shadow imp.

Vanquished Creatures
  The ghost of Nailclippins the Insei, a novice OpMo (D:4)
  A scorpion (D:4)
  3 wights (D:8)
  4 electric eels
  An orc priest (D:9)
  2 worker ants
  A hound skeleton (D:5)
  An adder (D:9)
  A gnoll (D:6)
  2 dart slugs
  2 leopard geckos
  2 giant cockroaches
  19 goblins
  9 hobgoblins
  6 kobolds
  A quokka (D:2)
  3 bats
  10 frilled lizards
  5 rats
74 creatures vanquished.

Vanquished Creatures (collateral kills)
  A two-headed ogre (D:9)
  Psyche (D:8)
  A hornet (D:9)
  A hell hound (D:9)
  4 ice beasts
  2 ogres
  2 centaurs
  6 big kobolds (D:6)
  3 bullfrogs
  2 scorpions (D:8)
  3 wights (D:8)
  A howler monkey (D:6)
  2 electric eels (D:8)
  A crimson imp (D:8)
  2 hounds
  2 orc priests
  3 jellies
  A centaur skeleton (D:8)
  2 iguanas
  2 orc wizards
  A worker ant (D:8)
  A hound skeleton (D:5)
  Robin (D:3)
  5 gnolls (D:6)
  12 adders
  A shadow imp (D:8)
  2 worms (D:2)
  A dart slug (D:2)
  12 orcs
  3 giant cockroaches
  26 goblins
  21 hobgoblins
  11 jackals
  2 kobolds
  2 quokkas
  A frilled lizard (D:5)
  2 quokka skeletons
  A rat (D:3)
147 creatures vanquished.

Grand Total: 221 creatures vanquished

Notes
Turn   | Place    | Note
-------+----------+-------------------------------------------
     0 | D:1      | Gitz the Demonspawn Wizard began the quest for the Orb.
     0 | D:1      | Reached XP level 1. HP: 13/13 MP: 4/4
   106 | D:1      | Gained mutation: You sometimes gain a little power by taking damage. [demonic ancestry]
   106 | D:1      | Reached XP level 2. HP: 1/19 MP: 0/6
   980 | D:2      | Gained mutation: A weak demonic guardian rushes to your aid. [demonic ancestry]
   980 | D:2      | Reached XP level 3. HP: 17/24 MP: 6/8
  1011 | D:2      | Learned a level 2 spell: Call Imp
  1014 | D:2      | Learned a level 2 spell: Blink
  1247 | D:2      | Gained mutation: You are surrounded by a mild repulsion field. (EV +2) [demonic ancestry]
  1247 | D:2      | Reached XP level 4. HP: 12/31 MP: 2/9
  1465 | D:2      | Found an opulent altar of Gozag.
  1465 | D:2      | Found Gozag's Platinum Reserve.
  1513 | D:2      | Found a glowing golden altar of the Shining One.
  1527 | D:2      | Reached skill level 4 in Spellcasting
  1802 | D:3      | Noticed Robin
  1830 | D:3      | Killed Robin
  1896 | D:3      | Noticed a bullfrog
  1905 | D:3      | Killed a bullfrog
  1925 | D:3      | Learned a level 3 spell: Conjure Flame
  2142 | D:3      | Reached XP level 5. HP: 36/36 MP: 7/11
  2436 | D:4      | Found Aficsaxe's General Store.
  2445 | D:4      | Bought a scroll of identify for 26 gold pieces
  2584 | D:4      | Noticed Nailclippins's ghost (novice OpMo)
  2672 | D:4      | Killed Nailclippins's ghost
  2672 | D:4      | Reached skill level 1 in Fighting
  2672 | D:4      | Reached skill level 5 in Spellcasting
  2672 | D:4      | Gained mutation: You sometimes gain power by taking damage. [demonic ancestry]
  2672 | D:4      | Reached XP level 6. HP: 19/43 MP: 1/13
  3026 | D:4      | Found Miko's Antique Armour Shop.
  3072 | D:4      | Found a sacrificial altar of Ru.
  3152 | D:4      | Found Atwidghu's Jewellery Boutique.
  3263 | D:4      | Found a shadowy altar of Dithmenos.
  3263 | D:4      | Found a white marble altar of Elyvilon.
  3504 | D:4      | Bought a bloodstained robe for 159 gold pieces
  3514 | D:4      | Identified the +1 robe of Undesirable Species {MR++ Regen+ rCorr Dex-3} (You bought it in a shop on level 4 of the Dungeon)
  3540 | D:5      | Entered Level 5 of the Dungeon
  4036 | D:5      | Noticed an ice beast
  4076 | D:5      | Killed an ice beast
  4371 | D:5      | Found Ineb's Assorted Antiques.
  4440 | D:6      | Reached XP level 7. HP: 48/48 MP: 10/15
  5267 | D:6      | Found Xeucw's General Store.
  5325 | D:6      | Reached skill level 1 in Staves
  5497 | D:6      | Reached skill level 6 in Spellcasting
  5600 | D:6      | Reached skill level 5 in Summonings
  5644 | D:6      | Reached XP level 8. HP: 14/54 MP: 1/17
  5956 | D:6      | Reached skill level 1 in Translocations
  6069 | D:6      | Gained mutation: You are agile. (Dex +2) [potion of mutation]
  6069 | D:6      | Gained mutation: You have sharp toenails. [potion of mutation]
  6253 | D:7      | Found a staircase to the Ecumenical Temple.
  6263 | Temple   | Entered the Ecumenical Temple
  6277 | Temple   | Became a worshipper of Sif Muna the Loreminder
  7293 | D:8      | Reached skill level 7 in Spellcasting
  7499 | D:8      | Noticed Psyche
  7509 | D:8      | Killed Psyche
  7846 | D:8      | Found a hide-covered altar of Uskayaw.
  7849 | D:8      | Noticed a dagger
  7850 | D:8      | Noticed a dagger
  7992 | D:8      | Found an iron altar of Okawaru.
  8037 | D:9      | Reached * piety under Sif Muna
  8148 | D:9      | Noticed a hornet
  8154 | D:9      | Killed a hornet
  8154 | D:9      | Reached XP level 9. HP: 50/61 MP: 8/20
  8157 | D:9      | Noticed a two-headed ogre
  8167 | D:9      | Killed a two-headed ogre
  8167 | D:9      | Reached skill level 8 in Spellcasting
  8738 | D:9      | Found a bloodstained altar of Trog.
  8914 | D:9      | Found a staircase to the Lair.
  9092 | D:9      | Killed from afar by a hell hound

Skill      XL: |  1  2  3  4  5  6  7  8  9 |
---------------+----------------------------+-----
Dodging        | 2 3 |  3.3
Conjurations   | 2 |  2.5
Spellcasting   | 4 5 6 7 8 |  8.2
Fighting       | 1 2 |  2.3
Summonings     | 2 4 5 6 7 |  7.4
Staves         | 1 2 |  2.9
Translocations | 1 |  1.0
Short Blades   | |  0.6
Stealth        | |  1.7

Action                   |  1- 3 |  4- 6 |  7- 9 || total
-------------------------+-------+-------+-------++-------
Melee: Dagger            |    46 |       |       ||    46
       Staff             |     8 |    44 |   198 ||   250
       Kick              |       |       |    13 ||    13
 Cast: Magic Dart        |    52 |    27 |    66 ||   145
       Call Imp          |     5 |    65 |   149 ||   219
       Blink             |       |       |     1 ||     1
  Use: Scroll            |       |     3 |     3 ||     6
       Potion            |       |     1 |     1 ||     2
 Stab: Distracted        |       |       |     8 ||     8
  Eat: Chunk             |     1 |     7 |    12 ||    20
       Ration            |       |     1 |     1 ||     2
Armor: Robe              |    17 |    10 |    34 ||    61
Dodge: Dodged            |    37 |    49 |   227 ||   313
